 Dungeon Crawl Stone Soup version 0.25-a0-1079-g858b6a6ff6 (webtiles) character file.

Game seed: 1144291160420370575, levelgen mode: deterministic

6852 Hasart the Cleaver (level 11, -9/84 HPs)
             Began as a Formicid Fighter on May 15, 2020.
             Was a High Priest of Okawaru.
             Mangled by Snorg (14 damage)
             ... on level 10 of the Dungeon.
             The game lasted 00:20:09 (10695 turns).

Hasart the Cleaver (Formicid Fighter)              Turns: 10695, Time: 00:20:10

Health: -9/84      AC: 11    Str: 21    XL:     11   Next: 26%
Magic:  15/15      EV: 12    Int: 15    God:    Okawaru [*****.]
Gold:   542        SH: 11    Dex: 12    Spells: 10/10 levels left

rFire    . . .     SeeInvis +   F - +2 broad axe (elec)
rCold    . . .     Gourm    .   c - +0 kite shield
rNeg     . . .     Faith    .   b - +0 scale mail
rPois    +         Spirit   .   (helmet unavailable)
rElec    .         Reflect  .   G - +2 cloak {rPois}
rCorr    .         Harm     .   (no gloves)
MR       +....                  (no boots)
Stlth    ..........             (no amulet)
HPRegen  0.24/turn              l - +6 ring of intelligence
MPRegen  0.14/turn              n - ring of flight

@: mighty
A: permanent stasis, dig shafts and tunnels, four strong arms, antennae 3
a: Dig, Shaft Self, Heroism, Finesse, Renounce Religion, Evoke Flight


You were on level 10 of the Dungeon.
You worshipped Okawaru.
Okawaru was extremely pleased with you.
You were not hungry.

You visited 2 branches of the dungeon, and saw 11 of its levels.

You collected 542 gold pieces.

Inventory:

Hand Weapons
 z - a +5 trident of freezing
 F - a +2 broad axe of electrocution (weapon)
Missiles
 s - 12 boomerangs (quivered)
 J - 5 javelins
Armour
 b - a +0 scale mail (worn)
 c - a +0 kite shield (worn)
 m - a +0 crystal plate armour
 G - a +2 cloak of poison resistance (worn)
Jewellery
 l - a +6 ring of intelligence (left hand)
 n - a ring of flight (right hand)
Wands
 r - a wand of clouds (4)
 t - a wand of polymorph (4)
 y - a wand of acid (5)
 E - a wand of flame (42)
 K - a wand of iceblast (10)
 M - a wand of random effects (16)
Scrolls
 e - 2 scrolls of fog
 h - 3 scrolls of remove curse
 i - 5 scrolls of teleportation {unknown}
 j - a scroll of enchant weapon
 k - 10 scrolls of identify {unknown}
 v - 3 scrolls of enchant armour {unknown}
 w - a scroll of immolation {unknown}
 B - 2 scrolls of noise {unknown}
 C - a scroll of fear {unknown}
 L - 2 scrolls of blinking {unknown}
 N - a scroll of amnesia
Potions
 a - 3 potions of mutation {unknown}
 d - 3 potions of might
 g - 4 potions of stabbing {unknown}
 o - a potion of resistance {unknown}
 p - 3 potions of degeneration {unknown}
 q - 4 potions of curing {unknown}
 u - 3 potions of berserk rage {unknown}
 x - a potion of cancellation {unknown}
 A - 3 potions of heal wounds
 D - 3 potions of lignification {unknown}
 I - 3 potions of magic {unknown}
 O - a potion of brilliance {unknown}
 P - a potion of flight {unknown}
Comestibles
 f - 19 rations


   Skills:
 + Level 7.1 Fighting
 * Level 8.6(8.9) Axes
 - Level 3.5(6.5) Polearms
 + Level 7.3 Armour
 + Level 5.3 Dodging
 + Level 7.8 Shields
 + Level 5.5 Invocations
 + Level 5.9 Evocations


You had 10 spell levels left.
You didn't know any spells.
Your spell library contained the following spells:

 Spells                   Type           Power        Failure   Level  Hunger
 Animate Skeleton         Necr           N/A          63%         1    ##.....
 Apportation              Tloc           #.....       63%         1    ##.....
 Corona                   Hex            #......      63%         1    ##.....
 Summon Small Mammal      Summ           #...         63%         1    ##.....
 Ensorcelled Hibernation  Hex/Ice        #.....       77%         2    ###....
 Dazzling Flash           Conj/Hex       #.....       94%         3    ####...
 Recall                   Summ/Tloc      N/A          94%         3    ####...
 Cause Fear               Hex            #.........   100%        4    #####..
 Controlled Blink         Tloc           Unusable     N/A         8    N/A

Dungeon Overview and Level Annotations

Branches:
Dungeon (10/15)            Temple (1/1) D:5
   Lair: D:8-11         Orc: D:9-12

Altars:
Ashenzari
Cheibriados
Dithmenos
Elyvilon
Fedhas
Gozag
Hepliaklqana
Kikubaaqudgha
Makhleb
Nemelex Xobeh
Okawaru
Qazlal
Ru
Sif Muna
Trog
Uskayaw
Vehumet
Wu Jian
Xom
Yredelemnul
Zin
The Shining One

Shops:
D:10 :

Annotations:
D:3 3 runed translucent doors, Amnesiac's ghost, amateur DEFi
D:10 Erolcha; Snorg


Innate Abilities, Weirdness & Mutations

You cannot be hasted, slowed, berserked, paralysed or teleported.
You can dig through walls and to a lower floor.
Your four strong arms can wield two-handed weapons with a shield.
You have a pair of large antennae on your head. (SInv)


Message History

You slice Snorg!! Lightning courses through Snorg!
Snorg is moderately wounded.
You block Snorg's attack. x3; Snorg bites you!
Snorg claws you but does no damage. You block Snorg's attack.
You hit Snorg but do no damage.
Snorg is moderately wounded.
You block Snorg's attack. Snorg claws you!
* * * LOW HITPOINT WARNING * * *
Snorg claws you.
* * * LOW HITPOINT WARNING * * *
Snorg completely misses you. Snorg claws you but does no damage.
You block Snorg's attack.
You feel very mighty all of a sudden. You block Snorg's attack.
Snorg misses you. Snorg claws you!
* * * LOW HITPOINT WARNING * * *
Unknown command.
You slash Snorg!
Snorg is moderately wounded.
You block Snorg's attack. x2; Snorg claws you!
You die...

.P.# #....#
_...###....#
.P.........#
#..............#
#
#..............#
#
#..............#
#
#...........T..#
#
#..........@...#
#
#......####....#
# #..# #....#
######..# #....#
........# #....#
........# #....#
#######.# #....#
#.########....#
#.............#


You could see Snorg (berserk).

Vanquished Creatures
  2 two-headed ogres (D:9)
  An ugly thing (D:9)
  Maurice (D:8)
  Prince Ribbit (D:6)
  Sigmund (D:6)
  Menkaure (D:6)
  A black bear (D:6)
  4 orc warriors
  4 ice beasts
  2 sky beasts
  3 phantoms
  2 ogres
  5 centaurs
  2 gnoll sergeants (D:8)
  3 bullfrogs
  13 wights
  6 crimson imps
  3 howler monkeys (D:7)
  2 bullfrog zombies
  6 orc priests
  A quasit (D:9)
  4 hounds
  2 jellies
  Crazy Yiuf (D:6)
  7 orc wizards
  2 centaur skeletons
  2 bullfrog skeletons
  4 worker ants
  3 iguanas
  A hound skeleton (D:5)
  A howler monkey zombie (D:9)
  9 gnolls (D:8)
  12 adders
  A river rat (D:4)
  2 shadow imps (D:8)
  3 white imps (D:8)
  3 oozes
  3 adder skeletons
  3 worms
  A dart slug (D:1)
  9 leopard geckos
  24 orcs
  4 ball pythons
  11 giant cockroaches
  6 goblins
  8 hobgoblins
  11 jackals
  8 kobolds
  2 quokkas
  11 bats
  A frilled lizard (D:4)
  A quokka skeleton (D:9)
  6 rats
230 creatures vanquished.

Vanquished Creatures (others)
  A giant cockroach (D:3)
  6 fungi (D:10)
  A plant (D:10)
8 creatures vanquished.

Grand Total: 238 creatures vanquished

Notes
Turn   | Place    | Note
-------+----------+-------------------------------------------
     0 | D:1      | Hasart the Formicid Fighter began the quest for the Orb.
     0 | D:1      | Reached XP level 1. HP: 18/18 MP: 1/1
   422 | D:1      | Reached XP level 2. HP: 24/24 MP: 2/2
   830 | D:1      | Reached XP level 3. HP: 13/29 MP: 3/3
  1157 | D:1      | Reached skill level 1 in Dodging
  1695 | D:2      | Reached XP level 4. HP: 32/36 MP: 4/4
  1983 | D:2      | Reached skill level 3 in Axes
  2150 | D:2      | Found a faded altar of an unknown god.
  2742 | D:3      | Reached XP level 5. HP: 40/42 MP: 5/5
  2757 | D:3      | Found a runed translucent gate.
  2759 | D:3      | Found a runed translucent gate.
  2760 | D:3      | Found a runed translucent gate.
  2807 | D:3      | Noticed Amnesiac's ghost (amateur DEFi)
  3543 | D:4      | Reached XP level 6. HP: 48/48 MP: 6/6
  3682 | D:4      | Noticed a sky beast
  3694 | D:4      | Killed a sky beast
  3694 | D:4      | Reached skill level 4 in Axes
  3694 | D:4      | Reached skill level 1 in Evocations
  3838 | D:4      | Noticed an orc warrior
  3850 | D:3      | Killed an orc warrior
  3850 | D:3      | Reached XP level 7. HP: 43/55 MP: 6/8
  4441 | D:5      | Entered Level 5 of the Dungeon
  4598 | D:5      | Reached skill level 5 in Shields
  4894 | D:5      | Reached XP level 8. HP: 42/61 MP: 9/9
  5102 | D:5      | Reached skill level 5 in Axes
  5353 | D:5      | Reached skill level 5 in Armour
  5581 | D:5      | Found a staircase to the Ecumenical Temple.
  5587 | Temple   | Entered the Ecumenical Temple
  5617 | Temple   | Became a worshipper of Warmaster Okawaru
  5817 | D:5      | Found a hazy altar of Hepliaklqana.
  5819 | D:5      | Found a shimmering altar of Xom.
  5819 | D:5      | Found a glowing silver altar of Zin.
  5821 | D:5      | Found a shimmering altar of Xom.
  5821 | D:5      | Found a hide-covered altar of Uskayaw.
  5821 | D:5      | Found a sparkling altar of Nemelex Xobeh.
  5825 | D:5      | Reached skill level 5 in Fighting
  5972 | D:6      | Reached skill level 1 in Polearms
  6044 | D:5      | Reached skill level 1 in Invocations
  6506 | D:6      | Reached XP level 9. HP: 42/68 MP: 11/11
  6645 | D:6      | Noticed Prince Ribbit
  6661 | D:6      | Killed Prince Ribbit
  6661 | D:6      | Reached * piety under Okawaru
  6661 | D:6      | Reached skill level 6 in Axes
  6904 | D:6      | Noticed Menkaure
  6909 | D:6      | Killed Menkaure
  7369 | D:6      | Found a runed translucent door.
  7369 | D:6      | Noticed Sigmund
  7385 | D:6      | Killed Sigmund
  7388 | D:6      | Noticed Crazy Yiuf
  7483 | D:6      | Killed Crazy Yiuf
  7755 | D:7      | Got a bloodstained short sword
  7756 | D:7      | Identified the +1 short sword of the Grave {speed, SInv}
                  | (You found it on level 7 of the Dungeon)
  7949 | D:7      | Reached ** piety under Okawaru
  8153 | D:7      | Reached XP level 10. HP: 76/76 MP: 13/13
  8450 | D:8      | Reached skill level 7 in Axes
  9022 | D:8      | Reached skill level 5 in Evocations
  9138 | D:8      | Reached *** piety under Okawaru
  9246 | D:8      | Noticed Maurice
  9259 | D:8      | Killed Maurice
  9416 | D:8      | Identified the Almanac of the Fetching Voyage
  9938 | D:9      | Found a blossoming altar of Fedhas.
  9939 | D:9      | Found a white marble altar of Elyvilon.
  9939 | D:9      | Found an opulent altar of Gozag.
  9942 | D:9      | Found a shadowy altar of Dithmenos.
  9942 | D:9      | Found a shattered altar of Ashenzari.
  9943 | D:9      | Found a snail-covered altar of Cheibriados.
 10050 | D:9      | Reached skill level 8 in Axes
 10053 | D:9      | Reached **** piety under Okawaru
 10274 | D:9      | Noticed a two-headed ogre
 10278 | D:9      | Killed a two-headed ogre
 10278 | D:9      | Reached skill level 5 in Dodging
 10278 | D:9      | Reached skill level 5 in Invocations
 10278 | D:9      | Reached XP level 11. HP: 67/83 MP: 15/15
 10378 | D:9      | Noticed a brown ugly thing
 10386 | D:9      | Killed a brown ugly thing
 10503 | D:10     | Entered Level 10 of the Dungeon
 10503 | D:10     | Noticed Erolcha
 10503 | D:10     | Noticed a two-headed ogre
 10510 | D:9      | Killed a two-headed ogre
 10510 | D:9      | Reached ***** piety under Okawaru
 10654 | D:10     | Found Xostuon's Book Shop.
 10683 | D:10     | Noticed Snorg
 10686 | D:10     | Found a blossoming altar of Fedhas.
 10695 | D:10     | Mangled by Snorg

Illustrated notes

Levels and vault maps discovered:
D:1:      dpeg_arrival_another_circle, layout_basic, minmay_small_reverse_x
D:2:      layout_loops_corners, first_ration,
          chequers_ecumenical_altar_simple_redux
D:3:      layout_basic, gammafunk_ghost_icy, minmay_misc_feat_ornament
D:4:      layout_rooms, gup_sewer_entry_bowl
D:5:      layout_loops_ring, minmay_temple_entry_fiery, doesnt_xom_only_xom
D:6:      layout_basic, grunt_ministairs_12, uniq_prince_ribbit1,
          uniq_crazy_yiuf_cottage, uniq_sigmund, uniq_menkaure
D:7:      layout_rooms, chequers_serial_rivers_micro_d
D:8:      layout_cave_pools, minmay_nine_imps, uniq_maurice
D:9:      layout_roguey, grunt_temple_overflow_open, grunt_ogre_cave
D:10:     layout_irregular_city, due_lair_maze_entry_diamond, serial_shops,
          kennysheep_mini_moat, fedhas_altar_1, uniq_erolcha, uniq_snorg
Temple:   lightli_temple_of_artemis

Skill      XL: |  1  2  3  4  5  6  7  8  9 10 11 |
---------------+----------------------------------+-----
Dodging        | 1 2 3 4 5 |  5.3
Shields        | 4 5 6 7 |  7.8
Axes           | 3 4 5 6 8 |  8.6
Fighting       | 4 5 6 7 |  7.1
Armour         | 4 5 6 7 |  7.3
Evocations     | 1 2 3 4 5 |  5.9
Polearms       | 1 2 3 |  3.5
Invocations    | 1 3 5 |  5.5

Action                   |  1- 3 |  4- 6 |  7- 9 | 10-12 || total
-------------------------+-------+-------+-------+-------++-------
Melee: War axe           |    23 |   150 |    95 |       ||   268
       Spear             |   131 |       |       |       ||   131
       Trident           |       |       |   214 |       ||   214
       Battleaxe         |       |       |    11 |    58 ||    69
       Short sword       |       |       |     6 |       ||     6
       Broad axe         |       |       |       |   161 ||   161
Throw: Boomerang         |       |     1 |       |     3 ||     4
Evoke: Wand              |       |       |     6 |       ||     6
  Use: Scroll            |     5 |       |       |       ||     5
       Potion            |       |       |       |     1 ||     1
  Eat: Chunk             |     3 |     7 |    10 |     9 ||    29
       Ration            |       |       |     1 |       ||     1
Armor: Scale mail        |    56 |    60 |    74 |    58 ||   248
Dodge: Dodged            |    58 |    46 |    99 |   119 ||   322
Block: Kite shield       |    72 |    80 |   139 |   142 ||   433

Table legend:
 A = Non-vault XP
 B = Vault XP
 C = Vault XP percentage of total XP
 D = Non-vault monster count
 E = Vault monster count
 F = Vault count percentage of total count
                 A         B        C        D         E       F
            +---------+---------+-------+---------+---------+-------
      Total |    7364 |    2425 |  24.8 |     206 |      24 |  10.4
            +---------+---------+-------+---------+---------+-------
        D:1 |      40 |      12 |  23.1 |      24 |       4 |  14.3
        D:2 |      63 |       0 |   0.0 |      18 |       0 |   0.0
        D:3 |     222 |       0 |   0.0 |      22 |       0 |   0.0
        D:4 |     398 |      20 |   4.8 |      21 |       4 |  16.0
        D:5 |     820 |       0 |   0.0 |      15 |       0 |   0.0
        D:6 |     814 |     755 |  48.1 |      27 |       5 |  15.6
        D:7 |     887 |       0 |   0.0 |      20 |       0 |   0.0
        D:8 |    1551 |     717 |  31.6 |      33 |      10 |  23.3
        D:9 |    2569 |     921 |  26.4 |      26 |       1 |   3.7
            +---------+---------+-------+---------+---------+-------
